 Dungeon Crawl Stone Soup version 0.29-a0-821-g66395355a5 (webtiles) character file.

Game seed: 18274576995548091431

1559 gobodom the Chopper (level 8, -14/49 (60) HPs)
             Began as a Demonspawn Gladiator on July 8, 2022.
             Demolished by a wight
             ... wielding a +3 great sword of freezing
              (16 damage)
             ... on level 7 of the Dungeon.
             The game lasted 00:17:09 (6487 turns).

gobodom the Chopper (Demonspawn Gladiator)          Turns: 6487, Time: 00:17:10

HP:   -14/49 (60)   AC: 12    Str: 17    XL:     8   Next: 58%
MP:   8/8           EV: 12    Int: 10    God:
Gold: 503           SH:  0    Dex: 14    Spells: 7/7 levels left

rFire   . . .      SeeInvis .   a - +0 war axe (venom)
rCold   . . .      Faith    .   (no shield)
rNeg    . . .      Spirit   .   h - +1 chain mail
rPois   .          Reflect  .   (helmet restricted)
rElec   .          Harm     .   (no cloak)
rCorr   +          Rampage  .   (no gloves)
Will    .....                   (no boots)
Stlth   ..........              (no amulet)
HPRegen 0.16/turn               k - +4 ring of evasion
MPRegen 0.11/turn               p - ring of resist corrosion

@: heavily drained
A: antennae 1, icy blue scales 1, demonic guardian 1, ignite blood 2
a: no special abilities


You were on level 7 of the Dungeon.
You visited 2 branches of the dungeon, and saw 8 of its levels.

You collected 503 gold pieces.

Inventory:

Hand Weapons
 a - a +0 war axe of venom (weapon)
Missiles
 d - 5 throwing nets
 e - a javelin
 l - 5 atropa-tipped darts
 w - 9 boomerangs (quivered)
 z - 11 poisoned darts
Armour
 h - a +1 chain mail (worn)
 o - an orb of energy
 u - a scarf of harm
Jewellery
 g - a ring of fire
 k - a +4 ring of evasion (left hand)
 p - a ring of resist corrosion (right hand)
Wands
 b - a wand of mindburst (7)
 f - a wand of polymorph (5)
 E - a wand of roots (18)
Scrolls
 j - a scroll of fog {unknown}
 q - 3 scrolls of teleportation
Potions
 c - a potion of degeneration {unknown}
 i - a potion of lignification {unknown}
 m - 5 potions of brilliance
 r - a potion of attraction {unknown}
 s - 3 potions of haste {unknown}
 v - 4 potions of curing {unknown}
 B - a potion of flight {unknown}


   Skills:
 + Level 4.1 Fighting
 + Level 6.9 Axes
 + Level 3.0 Throwing
 * Level 5.4 Armour
 + Level 3.7 Dodging
 + Level 0.7 Stealth


You had 7 spell levels left.
You didn't know any spells.
Your spell library contained the following spells:

 Spells                   Type           Power      Damage    Failure   Level
 Slow                     Hex            0%         N/A       99%         1
 Summon Small Mammal      Summ           0%         N/A       99%         1
 Call Canine Familiar     Summ           0%         N/A       100%        3
 Confusing Touch          Hex            0%         N/A       100%        3
 Dazzling Flash           Conj/Hex       0%         N/A       100%        3
 Summon Guardian Golem    Hex/Summ       0%         N/A       100%        3
 Vampiric Draining        Necr           0%         2d6       100%        3
 Agony                    Necr           0%         N/A       100%        5
 Silence                  Hex/Air        0%         N/A       100%        5


Dungeon Overview and Level Annotations

Branches:
Dungeon (7/15)             Temple (1/1) D:5

Altars:
Ashenzari
Fedhas
Gozag
Hepliaklqana
Kikubaaqudgha
Makhleb
Nemelex Xobeh
Okawaru
Qazlal
Ru
Sif Muna
Trog
Uskayaw
Wu Jian
Xom
Yredelemnul

Shops:
D:1 !   D:4 ?


Innate Abilities, Weirdness & Mutations

You have a pair of small antennae on your head.
You are partially covered in icy blue scales. (AC +2)
A weak demonic guardian rushes to your aid.
Your demonic aura often causes spilled blood to erupt in flames.


Message History

You feel much better.
The wight hits you from afar with a +2 halberd of freezing.
The wight freezes you. The wight barely misses you.
You hit the wight but do no damage.
The wight is moderately damaged.
The wight barely misses you. x2
You hit the wight.
The wight is moderately damaged.
The wight hits you but does no damage. The wight misses you.
The wight hits you with a +2 halberd of freezing!
The wight freezes you.
The wight hits you with a +3 great sword of freezing.
A demonic guardian appears!
The wight freezes you.
* * * LOW HITPOINT WARNING * * *
You see here a hornet corpse.
You barely miss the wight. You hit the wight. The wight closely misses you.
The wight hits you with a +3 great sword of freezing.
* * * LOW HITPOINT WARNING * * *
You feel drained.
* * * LOW HITPOINT WARNING * * *
The wight freezes you.
* * * LOW HITPOINT WARNING * * *
You feel much better.
The wight hits you with a +2 halberd of freezing!
You feel drained. The wight freezes you.
* * * LOW HITPOINT WARNING * * *
The wight closely misses you.
Your shadow imp misses the wight.
You closely miss the wight. You hit the wight. The wight barely misses you.
The wight misses you.
Your shadow imp closely misses the wight.
You hit the wight but do no damage. You barely miss the wight.
The wight hits you but does no damage. The wight misses you.
Your shadow imp hits the wight.
You barely miss the wight. x2
The wight hits you with a +2 halberd of freezing!
* * * LOW HITPOINT WARNING * * *
The wight freezes you.
* * * LOW HITPOINT WARNING * * *
The wight hits you with a +3 great sword of freezing!
You die...

######..............
##...................
....................
....................
...............#### #
.##.....###...# ..
####......#....######...
................5z......
...#............@.......
##.#.##........z).......
.........#.......)....##
...#.#....#....####.....
...#.#....#...## .....
..........#... ....
...#.#........ ....
............. >..
...#.#......


You could see 2 wights and a friendly shadow imp (summoned).

Vanquished Creatures
  A hornet (D:7)
  Eustachio (D:4)
  An ice beast (D:7)
  A sky beast (D:6)
  A black bear (D:6)
  An ogre (D:7)
  A phantom (D:3)
  A centaur (D:7)
  A scorpion (D:7)
  A necrophage (D:4)
  A wight (D:7)
  A howler monkey (D:6)
  3 orc priests (D:6)
  2 hounds (D:5)
  2 iguanas
  Ijyb (D:4)
  2 orc wizards (D:6)
  4 gnolls (D:4)
  7 adders
  A white imp (D:5)
  An ufetubus (D:5)
  2 worms (D:2)
  3 dart slugs
  13 orcs
  4 endoplasms
  8 hobgoblins
  3 jackals (D:3)
  2 quokkas
  6 ball pythons
  5 bats
  3 frilled lizards
  9 goblins
  8 kobolds
  5 rats
  A spectral orc (D:3)
107 creatures vanquished.

Notes
Turn   | Place    | Note
-------+----------+-------------------------------------------
     0 | D:1      | gobodom the Demonspawn Gladiator began the quest for the
                  | Orb.
     0 | D:1      | Reached XP level 1. HP: 16/16 MP: 1/1
   243 | D:1      | Gained mutation: You are partially covered in icy blue
                  | scales. (AC +2) [demonic ancestry]
   243 | D:1      | Reached XP level 2. HP: 22/22 MP: 2/2
   357 | D:1      | Found Cantoil's Distillery.
   414 | D:1      | Reached skill level 3 in Axes
   920 | D:2      | Gained mutation: Your demonic aura sometimes causes spilled
                  | blood to erupt in flames. [demonic ancestry]
   920 | D:2      | Reached XP level 3. HP: 27/27 MP: 3/3
  1049 | D:2      | Reached skill level 1 in Armour
  1850 | D:2      | Reached XP level 4. HP: 31/33 MP: 4/4
  2069 | D:3      | Noticed a phantom
  2088 | D:3      | Killed a phantom
  2089 | D:3      | Reached skill level 4 in Axes
  2089 | D:3      | Reached XP level 5. HP: 30/39 MP: 5/5
  2643 | D:3      | Found a basalt altar of Yredelemnul.
  2810 | D:4      | Noticed Ijyb
  2826 | D:4      | Killed Ijyb
  2829 | D:4      | Noticed Eustachio
  2841 | D:4      | Killed Eustachio
  2842 | D:4      | Gained mutation: Your demonic aura often causes spilled
                  | blood to erupt in flames. [demonic ancestry]
  2842 | D:4      | Reached XP level 6. HP: 33/46 MP: 6/6
  3056 | D:4      | Reached skill level 5 in Axes
  3473 | D:4      | Found Juceocri's Magic Scroll Boutique.
  3712 | D:5      | Entered Level 5 of the Dungeon
  3740 | D:5      | Gained mutation: You have a pair of small antennae on your
                  | head. [demonic ancestry]
  3740 | D:5      | Reached XP level 7. HP: 47/52 MP: 7/7
  3934 | D:5      | Found an ornate altar of the Wu Jian Council.
  4030 | D:5      | Found a staircase to the Ecumenical Temple.
  4262 | Temple   | Entered the Ecumenical Temple
  4737 | D:6      | Reached skill level 6 in Axes
  4741 | D:6      | Found a stormy altar of Qazlal.
  5394 | D:6      | Found a shimmering blue altar of Sif Muna.
  5865 | D:7      | Gained mutation: A weak demonic guardian rushes to your
                  | aid. [demonic ancestry]
  5865 | D:7      | Reached XP level 8. HP: 49/60 MP: 8/8
  6018 | D:7      | Noticed a hornet
  6331 | D:7      | Reached skill level 5 in Armour
  6464 | D:7      | Killed a hornet
  6483 | D:7      | HP: 2/51 [wight/+3 great sword of freezing (3)]
  6487 | D:7      | Demolished by a wight

Illustrated notes

Levels and vault maps discovered:
D:1:      sevenhm_arrival_forest_fort_large_4, layout_basic, serial_shops,
          nicolae_shop_trees
D:2:      cheibrodos_helix_gallery, layout_basic, minmay_box_of_dots
D:3:      layout_loops_ring, yredelemnul_forgotten_temple_becter,
          minmay_quadrilaterals
D:4:      layout_loops_cross, serial_shops, shop, kennysheep_generic_room_14,
          uniq_ijyb, uniq_eustachio
D:5:      layout_loops_cross, kennysheep_little_box,
          minmay_temple_entry_slanted, serial_glass, glass_columns_a,
          glass_columns_b, minmay_strange_pillars, feat_on_display,
          minmay_strange_pillars, minmay_strange_pillars,
          nicolae_elevator_lobby_asterisk
D:6:      layout_basic, led_sif_book, nicolae_qazlal_general_emergency
D:7:      layout_basic, serial_corexii_hall, corexii_hall_statues_x,
          corexii_hall_statues_x
Temple:   jpeg_temple_clearing

Skill      XL: |  1  2  3  4  5  6  7  8 |
---------------+-------------------------+-----
Axes           | 3 4 5 6 |  6.9
Dodging        | 3 |  3.7
Armour         | 1 2 3 4 5 |  5.4
Fighting       | 3 4 |  4.1
Throwing       | 2 3 |  3.0
Stealth        | |  0.7

Action                   |  1- 3 |  4- 6 |  7- 9 || total
-------------------------+-------+-------+-------++-------
Melee: War axe           |   102 |   146 |   113 ||   361
       Punch             |       |     2 |       ||     2
Throw: Boomerang         |       |       |    28 ||    28
  Use: Scroll            |       |     2 |     9 ||    11
       Potion            |       |     2 |     2 ||     4
Armor: Chain mail        |    55 |    98 |    58 ||   211
Dodge: Dodged            |    60 |   116 |    90 ||   266

Table legend: (Time is in decaauts)
 A = Elapsed time spent in this place.
 B = Non-inter-level travel time spent in this place.
 C = Inter-level travel time spent in this place.
 D = Time resting spent in this place.
 E = Time spent auto-exploring this place.
 F = Levels seen in this place.
 G = Mean time per level.
                   A        B        C        D        E       F      G
               +--------+--------+--------+--------+--------+-----+--------+
         Total |   6590 |   6340 |    250 |    157 |   4987 |   8 |  823.8 |
       Dungeon |   6434 |   6196 |    238 |    157 |   4856 |   7 |  919.1 |
        Temple |    156 |    144 |     12 |      0 |    131 |   1 |  156.0 |
               +--------+--------+--------+--------+--------+-----+--------+

Top non-repeatable levels by time:
     D:6: 1255 daAuts
     D:2: 1003 daAuts
     D:3: 937 daAuts
     D:1: 927 daAuts
     D:4: 915 daAuts
     D:5: 737 daAuts
     D:7: 656 daAuts
  Temple: 156 daAuts
